Kings vs Hurricanes

Created - January 9 2012 at 19:48

Goals
1 2 3 T
Kings 1 0 2 3
Hurricanes 0 3 2 5
Shots
1 2 3 T
Kings 10 6 13 29
Hurricanes 4 15 9 28

Period #1

1. Kings , Michael Frolik 9 (Sergei Samsonov, Mike Lundin) at 6:16 (PP)

Penalties :
Anton Stralman (CAR) for Hooking (Minor) at 5:43, Chris Thorburn (CAR) for Hooking (Minor) at 5:52, Matt Niskanen (LOS) for Interference (Minor) at 7:59, Jack Hillen (LOS) for Tripping (Minor) at 11:53

Period #2

2. Hurricanes , Jarome Iginla 26 (Patrik Elias) at 5:37
3. Hurricanes , Thomas Vanek 23 (Anton Stralman, Johnny Oduya) at 8:58
4. Hurricanes , Eric Staal 22 (Jarome Iginla, Patrik Elias) at 15:44 (PP)

Penalties :
Jason Arnott (LOS) for Hooking (Minor) at 1:27, Jason Arnott (LOS) for Tripping (Minor) at 10:27, Bryan Allen (LOS) for Tripping (Minor) at 14:11

Period #3

5. Kings , Sean Bergenheim 11 (Brian Rolston, Bryan Allen) at 2:30 (PP)
6. Hurricanes , Jarome Iginla 27 (Ryan Wilson, Matt Cooke) at 3:30 (PP)
7. Hurricanes , Johnny Oduya 6 (Jarome Iginla, Patrik Elias) at 9:55 (PP)
8. Kings , Wojtek Wolski 8 (Evgeny Dadonov, Jamie McBain) at 11:05

Penalties :
Anton Stralman (CAR) for Tripping (Minor) at 2:14, Sean Bergenheim (LOS) for Hooking (Minor) at 3:08, Anton Stralman (CAR) for Roughing (Minor) at 5:16, Matt Cooke (CAR) for Fighting (Major) at 6:13, Matt Duchene (LOS) for Fighting (Major) at 6:13, Sean Bergenheim (LOS) for Interference (Minor) at 8:08, Mike Weber (CAR) for Hooking (Minor) at 17:04

Goalie Stats

Ondrej Pavelec (LOS), 19 saves from 24 shots - (0.792), L, 7-14-0, 49:55 minutes
Nikolai Khabibulin (LOS), 4 saves from 4 shots - (1.000), 10:05 minutes
Brian Elliott (CAR), 26 saves from 29 shots - (0.897), W, 6-11-1, 60:00 minutes

Players Stats

Kings
Player Name              G  A  P  +/- PIM S  H  SB FO    MP 
------------------------------------------------------------
Brian Rolston            0  1  1  -2  0   1  1  0  1/2   21 
Bryan Allen              0  1  1  -1  2   2  5  1  0/0   21 
Craig Adams              0  0  0   0  0   0  0  0  0/0   0  
Darroll Powe             0  0  0   1  0   0  3  0  8/18  18 
Erik Condra              0  0  0   0  0   0  0  1  0/0   4  
Evgeny Dadonov           0  1  1   1  0   2  0  0  0/0   13 
Jack Hillen              0  0  0   0  2   0  2  2  0/0   16 
Jamie McBain             0  1  1  -1  0   0  0  1  0/0   20 
Jason Arnott             0  0  0  -2  4   2  2  0  11/23 19 
Joe Corvo                0  0  0   0  0   3  0  0  0/1   24 
Magnus Paajarvi          0  0  0   0  0   3  0  0  0/0   7  
Matt Duchene             0  0  0   0  5   5  0  0  14/31 20 
Matt Niskanen            0  0  0   0  2   0  2  1  0/0   17 
Michael Frolik           1  0  1   0  0   1  0  0  1/3   18 
Mike Lundin              0  1  1   0  0   0  1  0  0/0   20 
Sean Bergenheim          1  0  1  -2  4   4  4  0  0/1   18 
Sergei Samsonov          0  1  1   0  0   3  2  0  1/1   21 
Wojtek Wolski            1  0  1   1  0   3  0  0  0/1   13 
Hurricanes
Player Name              G  A  P  +/- PIM S  H  SB FO    MP 
------------------------------------------------------------
Anton Stralman           0  1  1   1  6   2  1  0  0/0   22 
Chris Thorburn           0  0  0  -1  2   0  0  1  0/0   9  
Eric Staal               1  0  1   1  0   7  2  0  17/25 22 
Jarome Iginla            2  2  4   1  0   6  1  0  1/3   21 
John Mitchell            0  0  0  -1  0   0  0  0  0/1   6  
Johnny Oduya             1  1  2   0  0   2  1  2  0/0   23 
Martin Hanzal            0  0  0  -1  0   1  3  0  13/17 17 
Matt Cooke               0  1  1   1  5   1  7  0  0/1   18 
Matt Hunwick             0  0  0   0  0   0  1  0  0/0   18 
Michael Ryder            0  0  0   0  0   2  1  0  0/0   15 
Michael Zigomanis        0  0  0   0  0   0  0  1  2/7   4  
Mike Weber               0  0  0   0  2   1  2  0  0/0   21 
Patrick Eaves            0  0  0   1  0   0  0  0  0/0   14 
Patrik Elias             0  3  3   1  0   1  0  0  11/24 17 
Ryan Shannon             0  0  0   0  0   1  0  0  1/2   12 
Ryan Wilson              0  1  1   1  0   0  0  1  0/0   20 
Thomas Vanek             1  0  1   1  0   4  0  0  0/1   21 
Ty Wishart               0  0  0   0  0   0  1  0  0/0   14 

3 Stars

1 - Jarome Iginla (CAR)
2 - Patrik Elias (CAR)
3 - Johnny Oduya (CAR)

Power Play

Kings - 2 on 5 Attempt(s) - 40.00%
Hurricanes - 3 on 7 Attempt(s) - 42.86%

Penalty Kill

Kings - 4 on 7 Attempt(s) - 57.14% - Score 0 goal in Penalty Kill
Hurricanes - 3 on 5 Attempt(s) - 60.00% - Score 0 goal in Penalty Kill

Game Notes

Matt Cooke and Matt Duchene fight to a draw at 6:13 of 3rd period
Nikolai Khabibulin enters game at 9:55 of 3rd period

Finance

Level 1 -- Attendance: 6000 (100.00%) -- Ticket Income $540,000.00
Level 2 -- Attendance: 3635 (72.70%) -- Ticket Income $199,925.00
Level 3 -- Attendance: 2655 (75.86%) -- Ticket Income $92,925.00
Level 4 -- Attendance: 2572 (79.63%) -- Ticket Income $48,868.00
Luxury Box -- Attendance: 947 (94.70%) -- Ticket Income $175,195.00
Game was played at the RBC Center
Total Attendance: 15809 (84.40%)
Total Ticket Income: $1,138,083.00
Other Income: $212,012.10
Total Income: $1,350,095.00


Play by Play

Period #1

0:01 of 1st period - Eric Staal wins face-off versus Matt Duchene in neutral zone.
0:32 of 1st period - Shot by Sergei Samsonov.
0:32 of 1st period - Shot Misses the Net.
0:40 of 1st period - Shot by Michael Frolik.
0:40 of 1st period - Shot Misses the Net.
1:01 of 1st period - Off-side.
1:02 of 1st period - Patrik Elias wins face-off versus Darroll Powe in neutral zone.
1:33 of 1st period - Icing by Matt Niskanen.
1:34 of 1st period - Martin Hanzal wins face-off versus Wojtek Wolski in Kings zone.
1:35 of 1st period - Shot by Michael Ryder.
1:35 of 1st period - Shot Misses the Net.
1:40 of 1st period - Icing by Jack Hillen.
1:41 of 1st period - Martin Hanzal wins face-off versus Darroll Powe in Kings zone.
1:43 of 1st period - Michael Ryder is hit by Jack Hillen.
2:15 of 1st period - Shot by Jason Arnott.
2:15 of 1st period - Shot Misses the Net.
2:19 of 1st period - Shot by Jason Arnott.
2:19 of 1st period - Stopped by Brian Elliott without a rebound.
2:20 of 1st period - Matt Duchene wins face-off versus Patrik Elias in Hurricanes zone.
2:24 of 1st period - Icing by Mike Weber.
2:25 of 1st period - Matt Duchene wins face-off versus Patrik Elias in Hurricanes zone.
2:28 of 1st period - Shot by Sergei Samsonov.
2:28 of 1st period - Stopped by Brian Elliott without a rebound.
2:29 of 1st period - Jason Arnott wins face-off versus Eric Staal in Hurricanes zone.
2:57 of 1st period - Patrick Eaves is hit by Brian Rolston and loses puck.
3:21 of 1st period - Icing by Jamie McBain.
3:22 of 1st period - Patrik Elias wins face-off versus Jason Arnott in Kings zone.
3:31 of 1st period - Icing by Matt Cooke.
3:32 of 1st period - Matt Duchene wins face-off versus Patrik Elias in Hurricanes zone.
3:40 of 1st period - Jarome Iginla is hit by Mike Lundin and loses puck.
3:53 of 1st period - Shot by Sergei Samsonov.
3:53 of 1st period - Shot Misses the Net.
3:55 of 1st period - Shot by Sergei Samsonov.
3:55 of 1st period - Stopped by Brian Elliott with a rebound.
4:37 of 1st period - Patrik Elias is hit by Darroll Powe and loses puck.
5:18 of 1st period - Icing by Patrick Eaves.
5:19 of 1st period - Eric Staal wins face-off versus Jason Arnott in Hurricanes zone.
5:30 of 1st period - Icing by Thomas Vanek.
5:31 of 1st period - Eric Staal wins face-off versus Jason Arnott in Hurricanes zone.
5:43 of 1st period - Minor Penalty to Anton Stralman for Hooking.
5:44 of 1st period - Michael Zigomanis wins face-off versus Matt Duchene in Hurricanes zone.
5:52 of 1st period - Minor Penalty to Chris Thorburn for Hooking.
5:53 of 1st period - Matt Duchene wins face-off versus Michael Zigomanis in Hurricanes zone.
6:12 of 1st period - Shot by Sergei Samsonov.
6:12 of 1st period - Shot Misses the Net.
6:14 of 1st period - Shot by Michael Frolik.
6:14 of 1st period - Shot Misses the Net.
6:16 of 1st period - Shot by Michael Frolik.
6:16 of 1st period - Goal by Michael Frolik - Kings : 1 - Hurricanes : 0.
6:17 of 1st period - Jason Arnott wins face-off versus Michael Zigomanis in neutral zone.
6:28 of 1st period - Shot by Sean Bergenheim.
6:28 of 1st period - Stopped by Brian Elliott without a rebound.
6:29 of 1st period - Jason Arnott wins face-off versus Michael Zigomanis in Hurricanes zone.
6:32 of 1st period - Shot by Bryan Allen.
6:32 of 1st period - Shot Blocked by Michael Zigomanis.
7:59 of 1st period - Minor Penalty to Matt Niskanen for Interference.
8:00 of 1st period - Eric Staal wins face-off versus Darroll Powe in Kings zone.
8:45 of 1st period - Brian Rolston is hit by Matt Cooke and loses puck.
10:01 of 1st period - Shot by Jarome Iginla.
10:01 of 1st period - Shot Misses the Net.
10:07 of 1st period - Jarome Iginla is hit by Darroll Powe.
10:20 of 1st period - Martin Hanzal is hit by Darroll Powe.
10:59 of 1st period - Shot by Matt Duchene.
10:59 of 1st period - Shot Misses the Net.
11:01 of 1st period - Shot by Magnus Paajarvi.
11:01 of 1st period - Stopped by Brian Elliott with a rebound.
11:03 of 1st period - Shot by Magnus Paajarvi.
11:03 of 1st period - Stopped by Brian Elliott without a rebound.
11:04 of 1st period - Eric Staal wins face-off versus Jason Arnott in Hurricanes zone.
11:04 of 1st period - Eric Staal is hit by Jason Arnott.
11:22 of 1st period - Shot by Eric Staal.
11:22 of 1st period - Shot Blocked by Jack Hillen.
11:24 of 1st period - Shot by Patrick Eaves.
11:24 of 1st period - Shot Blocked by Jamie McBain.
11:26 of 1st period - Shot by Thomas Vanek.
11:26 of 1st period - Shot Misses the Net.
11:30 of 1st period - Shot by Eric Staal.
11:30 of 1st period - Stopped by Ondrej Pavelec with a rebound.
11:34 of 1st period - Shot by Thomas Vanek.
11:34 of 1st period - Shot Blocked by Jack Hillen.
11:36 of 1st period - Shot by Thomas Vanek.
11:36 of 1st period - Shot Misses the Net.
11:50 of 1st period - Shot by Chris Thorburn.
11:50 of 1st period - Shot Misses the Net.
11:53 of 1st period - Minor Penalty to Jack Hillen for Tripping.
11:54 of 1st period - Matt Duchene wins face-off versus Patrik Elias in Kings zone.
12:05 of 1st period - Shot by Anton Stralman.
12:05 of 1st period - Stopped by Ondrej Pavelec without a rebound.
12:06 of 1st period - Matt Duchene wins face-off versus Patrik Elias in Kings zone.
12:29 of 1st period - Shot by Johnny Oduya.
12:29 of 1st period - Stopped by Ondrej Pavelec without a rebound.
12:30 of 1st period - Darroll Powe wins face-off versus Eric Staal in Kings zone.
12:59 of 1st period - Shot by Michael Ryder.
12:59 of 1st period - Stopped by Ondrej Pavelec without a rebound.
13:00 of 1st period - Patrik Elias wins face-off versus Matt Duchene in Kings zone.
13:19 of 1st period - Shot by Jarome Iginla.
13:19 of 1st period - Deflect By Matt Cooke.
13:19 of 1st period - Shot Misses the Net.
14:15 of 1st period - Shot by Evgeny Dadonov.
14:15 of 1st period - Shot Misses the Net.
14:28 of 1st period - Martin Hanzal is hit by Matt Niskanen and loses puck.
14:38 of 1st period - Icing by Jack Hillen.
14:39 of 1st period - Martin Hanzal wins face-off versus Darroll Powe in Kings zone.
14:59 of 1st period - Icing by Bryan Allen.
15:00 of 1st period - Patrik Elias wins face-off versus Jason Arnott in Kings zone.
15:07 of 1st period - Shot by Jarome Iginla.
15:07 of 1st period - Shot Misses the Net.
15:39 of 1st period - Shot by Joe Corvo.
15:39 of 1st period - Shot Misses the Net.
15:41 of 1st period - Shot by Matt Duchene.
15:41 of 1st period - Stopped by Brian Elliott with a rebound.
15:53 of 1st period - Shot by Matt Duchene.
15:53 of 1st period - Shot Misses the Net.
15:55 of 1st period - Shot by Matt Duchene.
15:55 of 1st period - Stopped by Brian Elliott without a rebound.
15:56 of 1st period - Eric Staal wins face-off versus Matt Duchene in Hurricanes zone.
16:15 of 1st period - Shot by Matt Duchene.
16:15 of 1st period - Stopped by Brian Elliott without a rebound.
16:16 of 1st period - Martin Hanzal wins face-off versus Jason Arnott in Hurricanes zone.
16:27 of 1st period - Jason Arnott is hit by Martin Hanzal and loses puck.
16:50 of 1st period - Brian Rolston is hit by Martin Hanzal and loses puck.
17:04 of 1st period - Bryan Allen is hit by Matt Hunwick and loses puck.

Period #2

0:01 of 2nd period - Eric Staal wins face-off versus Matt Duchene in neutral zone.
0:10 of 2nd period - Shot by Thomas Vanek.
0:10 of 2nd period - Shot Misses the Net.
0:14 of 2nd period - Shot by Eric Staal.
0:14 of 2nd period - Stopped by Ondrej Pavelec without a rebound.
0:15 of 2nd period - Patrik Elias wins face-off versus Jason Arnott in Kings zone.
0:17 of 2nd period - Jarome Iginla is hit by Bryan Allen and loses puck.
1:23 of 2nd period - Patrick Eaves is hit by Sean Bergenheim and loses puck.
1:27 of 2nd period - Minor Penalty to Jason Arnott for Hooking.
1:28 of 2nd period - Matt Duchene wins face-off versus Eric Staal in Kings zone.
1:34 of 2nd period - Icing by Mike Weber.
1:35 of 2nd period - Eric Staal wins face-off versus Matt Duchene in Hurricanes zone.
1:52 of 2nd period - Shot by Eric Staal.
1:52 of 2nd period - Shot Misses the Net.
1:54 of 2nd period - Shot by Anton Stralman.
1:54 of 2nd period - Stopped by Ondrej Pavelec without a rebound.
1:55 of 2nd period - Patrik Elias wins face-off versus Matt Duchene in Kings zone.
2:12 of 2nd period - Shot by Patrik Elias.
2:12 of 2nd period - Deflect By Jarome Iginla.
2:12 of 2nd period - Stopped by Ondrej Pavelec without a rebound.
2:13 of 2nd period - Patrik Elias wins face-off versus Darroll Powe in Kings zone.
2:18 of 2nd period - Shot by Patrik Elias.
2:18 of 2nd period - Stopped by Ondrej Pavelec without a rebound.
2:19 of 2nd period - Eric Staal wins face-off versus Matt Duchene in Kings zone.
2:28 of 2nd period - Shot by Eric Staal.
2:28 of 2nd period - Stopped by Ondrej Pavelec without a rebound.
2:29 of 2nd period - Darroll Powe wins face-off versus Patrik Elias in Kings zone.
3:20 of 2nd period - Shot by Eric Staal.
3:20 of 2nd period - Stopped by Ondrej Pavelec with a rebound.
3:22 of 2nd period - Shot by Michael Ryder.
3:22 of 2nd period - Stopped by Ondrej Pavelec without a rebound.
3:23 of 2nd period - Eric Staal wins face-off versus Matt Duchene in Kings zone.
3:34 of 2nd period - Shot by Martin Hanzal.
3:34 of 2nd period - Stopped by Ondrej Pavelec without a rebound.
3:35 of 2nd period - Martin Hanzal wins face-off versus Darroll Powe in Kings zone.
3:40 of 2nd period - Shot by Martin Hanzal.
3:40 of 2nd period - Shot Misses the Net.
4:00 of 2nd period - Shot by Wojtek Wolski.
4:00 of 2nd period - Stopped by Brian Elliott without a rebound.
4:01 of 2nd period - Eric Staal wins face-off versus Matt Duchene in Hurricanes zone.
4:20 of 2nd period - Matt Duchene is hit by Johnny Oduya and loses puck.
4:29 of 2nd period - Shot by Magnus Paajarvi.
4:29 of 2nd period - Stopped by Brian Elliott with a rebound.
4:31 of 2nd period - Shot by Joe Corvo.
4:31 of 2nd period - Stopped by Brian Elliott without a rebound.
4:32 of 2nd period - Martin Hanzal wins face-off versus Brian Rolston in Hurricanes zone.
4:32 of 2nd period - Martin Hanzal is hit by Jason Arnott.
5:01 of 2nd period - Michael Ryder is hit by Bryan Allen and loses puck.
5:05 of 2nd period - Martin Hanzal is hit by Bryan Allen and loses puck.
5:25 of 2nd period - Jamie McBain is hit by Matt Cooke and loses puck.
5:37 of 2nd period - Shot by Jarome Iginla.
5:37 of 2nd period - Goal by Jarome Iginla - Kings : 1 - Hurricanes : 1.
5:38 of 2nd period - Matt Duchene wins face-off versus Thomas Vanek in neutral zone.
6:45 of 2nd period - Shot by Jarome Iginla.
6:45 of 2nd period - Shot Misses the Net.
6:52 of 2nd period - Matt Niskanen is hit by Matt Cooke and loses puck.
7:34 of 2nd period - Shot by Michael Frolik.
7:34 of 2nd period - Shot Blocked by Ryan Wilson.
7:38 of 2nd period - Shot by Joe Corvo.
7:38 of 2nd period - Stopped by Brian Elliott without a rebound.
7:39 of 2nd period - Martin Hanzal wins face-off versus Jason Arnott in Hurricanes zone.
7:55 of 2nd period - Icing by Matt Hunwick.
7:56 of 2nd period - Martin Hanzal wins face-off versus Darroll Powe in Hurricanes zone.
8:08 of 2nd period - Darroll Powe is hit by Martin Hanzal and loses puck.
8:41 of 2nd period - Jamie McBain is hit by Anton Stralman and loses puck.
8:58 of 2nd period - Shot by Thomas Vanek.
8:58 of 2nd period - Goal by Thomas Vanek - Kings : 1 - Hurricanes : 2.
8:59 of 2nd period - Eric Staal wins face-off versus Matt Duchene in neutral zone.
10:27 of 2nd period - Minor Penalty to Jason Arnott for Tripping.
10:28 of 2nd period - Matt Duchene wins face-off versus Eric Staal in Kings zone.
10:28 of 2nd period - Matt Duchene is hit by Michael Ryder.
10:38 of 2nd period - Brian Rolston is hit by Eric Staal.
12:19 of 2nd period - Shot by Mike Weber.
12:19 of 2nd period - Shot Misses the Net.
12:21 of 2nd period - Shot by Mike Weber.
12:21 of 2nd period - Stopped by Ondrej Pavelec without a rebound.
12:22 of 2nd period - Matt Duchene wins face-off versus Ryan Shannon in Kings zone.
12:38 of 2nd period - Ryan Shannon is hit by Matt Niskanen and loses puck.
12:47 of 2nd period - Shot by Michael Ryder.
12:47 of 2nd period - Shot Misses the Net.
12:49 of 2nd period - Shot by Martin Hanzal.
12:49 of 2nd period - Shot Misses the Net.
13:21 of 2nd period - Shot by Johnny Oduya.
13:21 of 2nd period - Shot Misses the Net.
13:25 of 2nd period - Shot by Mike Weber.
13:25 of 2nd period - Shot Misses the Net.
13:49 of 2nd period - Shot by Thomas Vanek.
13:49 of 2nd period - Stopped by Ondrej Pavelec without a rebound.
13:50 of 2nd period - Matt Duchene wins face-off versus Patrik Elias in Kings zone.
13:50 of 2nd period - Joe Corvo is hit by Matt Cooke and loses puck.
14:08 of 2nd period - Off-side.
14:09 of 2nd period - Eric Staal wins face-off versus Matt Duchene in neutral zone.
14:11 of 2nd period - Minor Penalty to Bryan Allen for Tripping.
14:12 of 2nd period - Darroll Powe wins face-off versus Patrik Elias in Kings zone.
14:23 of 2nd period - Jamie McBain is hit by Matt Cooke and loses puck.
15:44 of 2nd period - Shot by Eric Staal.
15:44 of 2nd period - Goal by Eric Staal - Kings : 1 - Hurricanes : 3.
15:45 of 2nd period - Ryan Shannon wins face-off versus Jason Arnott in neutral zone.
16:06 of 2nd period - Shot by Ryan Shannon.
16:06 of 2nd period - Deflect By Thomas Vanek.
16:06 of 2nd period - Stopped by Ondrej Pavelec with a rebound.
16:08 of 2nd period - Shot by Martin Hanzal.
16:08 of 2nd period - Shot Misses the Net.
16:26 of 2nd period - John Mitchell is hit by Sean Bergenheim and loses puck.
16:48 of 2nd period - Shot by Chris Thorburn.
16:48 of 2nd period - Shot Misses the Net.
16:50 of 2nd period - Shot by Johnny Oduya.
16:50 of 2nd period - Deflect By Martin Hanzal.
16:50 of 2nd period - Shot Misses the Net.
17:12 of 2nd period - Shot by Thomas Vanek.
17:12 of 2nd period - Shot Blocked by Erik Condra.
17:16 of 2nd period - Shot by Eric Staal.
17:16 of 2nd period - Stopped by Ondrej Pavelec without a rebound.
17:17 of 2nd period - Darroll Powe wins face-off versus Matt Cooke in Kings zone.
17:24 of 2nd period - Shot by Wojtek Wolski.
17:24 of 2nd period - Stopped by Brian Elliott without a rebound.
17:25 of 2nd period - Jarome Iginla wins face-off versus Matt Duchene in Hurricanes zone.
18:09 of 2nd period - Matt Duchene is hit by Ty Wishart and loses puck.
18:20 of 2nd period - Icing by Magnus Paajarvi.
18:21 of 2nd period - Matt Duchene wins face-off versus Eric Staal in Kings zone.
19:21 of 2nd period - Shot by Evgeny Dadonov.
19:21 of 2nd period - Shot Misses the Net.
19:23 of 2nd period - Shot by Darroll Powe.
19:23 of 2nd period - Shot Misses the Net.
19:25 of 2nd period - Shot by Darroll Powe.
19:25 of 2nd period - Deflect By Evgeny Dadonov.
19:25 of 2nd period - Stopped by Brian Elliott without a rebound.
19:26 of 2nd period - Sergei Samsonov wins face-off versus John Mitchell in Hurricanes zone.
19:51 of 2nd period - Mike Weber is hit by Sean Bergenheim and loses puck.

Period #3

0:01 of 3rd period - Eric Staal wins face-off versus Matt Duchene in neutral zone.
0:40 of 3rd period - Shot by Matt Duchene.
0:40 of 3rd period - Shot Misses the Net.
0:42 of 3rd period - Shot by Joe Corvo.
0:42 of 3rd period - Stopped by Brian Elliott without a rebound.
0:43 of 3rd period - Jason Arnott wins face-off versus Patrik Elias in Hurricanes zone.
0:53 of 3rd period - Jason Arnott is hit by Mike Weber and loses puck.
1:02 of 3rd period - Shot by Jason Arnott.
1:02 of 3rd period - Stopped by Brian Elliott without a rebound.
1:03 of 3rd period - Darroll Powe wins face-off versus Martin Hanzal in Hurricanes zone.
1:06 of 3rd period - Shot by Evgeny Dadonov.
1:06 of 3rd period - Stopped by Brian Elliott without a rebound.
1:07 of 3rd period - Darroll Powe wins face-off versus Martin Hanzal in Hurricanes zone.
1:39 of 3rd period - Martin Hanzal is hit by Jack Hillen and loses puck.
1:53 of 3rd period - Icing by Matt Hunwick.
1:54 of 3rd period - Martin Hanzal wins face-off versus Matt Duchene in Hurricanes zone.
2:14 of 3rd period - Minor Penalty to Anton Stralman for Tripping.
2:15 of 3rd period - Jason Arnott wins face-off versus Jarome Iginla in Hurricanes zone.
2:20 of 3rd period - Shot by Bryan Allen.
2:20 of 3rd period - Shot Blocked by Johnny Oduya.
2:22 of 3rd period - Shot by Brian Rolston.
2:22 of 3rd period - Shot Misses the Net.
2:24 of 3rd period - Shot by Bryan Allen.
2:24 of 3rd period - Shot Blocked by Johnny Oduya.
2:26 of 3rd period - Shot by Brian Rolston.
2:26 of 3rd period - Stopped by Brian Elliott with a rebound.
2:30 of 3rd period - Shot by Sean Bergenheim.
2:30 of 3rd period - Goal by Sean Bergenheim - Kings : 2 - Hurricanes : 3.
2:31 of 3rd period - Matt Duchene wins face-off versus Eric Staal in neutral zone.
2:31 of 3rd period - Sergei Samsonov is hit by Eric Staal and loses puck.
3:07 of 3rd period - Shot by Matt Duchene.
3:07 of 3rd period - Deflect By Sergei Samsonov.
3:07 of 3rd period - Stopped by Brian Elliott without a rebound.
3:08 of 3rd period - Patrik Elias wins face-off versus Jason Arnott in Hurricanes zone.
3:08 of 3rd period - Minor Penalty to Sean Bergenheim for Hooking.
3:09 of 3rd period - Patrik Elias wins face-off versus Darroll Powe in Kings zone.
3:30 of 3rd period - Shot by Jarome Iginla.
3:30 of 3rd period - Goal by Jarome Iginla - Kings : 2 - Hurricanes : 4.
3:31 of 3rd period - Darroll Powe wins face-off versus Martin Hanzal in neutral zone.
3:33 of 3rd period - Evgeny Dadonov is hit by Mike Weber and loses puck.
4:32 of 3rd period - Shot by Ryan Shannon.
4:32 of 3rd period - Stopped by Ondrej Pavelec with a rebound.
4:44 of 3rd period - Shot by Jarome Iginla.
4:44 of 3rd period - Shot Misses the Net.
4:46 of 3rd period - Shot by Michael Ryder.
4:46 of 3rd period - Deflect By Jarome Iginla.
4:46 of 3rd period - Shot Misses the Net.
4:48 of 3rd period - Shot by Matt Hunwick.
4:48 of 3rd period - Shot Misses the Net.
4:52 of 3rd period - Shot by Jarome Iginla.
4:52 of 3rd period - Stopped by Ondrej Pavelec without a rebound.
4:53 of 3rd period - Matt Duchene wins face-off versus Patrik Elias in Kings zone.
4:53 of 3rd period - Matt Duchene is hit by Matt Cooke.
5:16 of 3rd period - Minor Penalty to Anton Stralman for Roughing.
5:17 of 3rd period - Jason Arnott wins face-off versus Michael Zigomanis in Hurricanes zone.
5:30 of 3rd period - Shot by Bryan Allen.
5:30 of 3rd period - Stopped by Brian Elliott with a rebound.
5:32 of 3rd period - Shot by Bryan Allen.
5:32 of 3rd period - Stopped by Brian Elliott with a rebound.
5:36 of 3rd period - Shot by Jason Arnott.
5:36 of 3rd period - Shot Misses the Net.
5:40 of 3rd period - Shot by Sean Bergenheim.
5:40 of 3rd period - Shot Blocked by Chris Thorburn.
5:42 of 3rd period - Shot by Brian Rolston.
5:42 of 3rd period - Shot Misses the Net.
6:13 of 3rd period - Matt Cooke and Matt Duchene fight to a draw.
6:13 of 3rd period - Penalty to Matt Cooke for Fighting.
6:13 of 3rd period - Penalty to Matt Duchene for Fighting.
6:14 of 3rd period - Martin Hanzal wins face-off versus Jason Arnott in neutral zone.
7:54 of 3rd period - Off-side.
7:55 of 3rd period - Patrik Elias wins face-off versus Darroll Powe in neutral zone.
8:05 of 3rd period - Shot by Sean Bergenheim.
8:05 of 3rd period - Stopped by Brian Elliott without a rebound.
8:06 of 3rd period - Martin Hanzal wins face-off versus Joe Corvo in Hurricanes zone.
8:08 of 3rd period - Minor Penalty to Sean Bergenheim for Interference.
8:09 of 3rd period - Patrik Elias wins face-off versus Darroll Powe in Kings zone.
8:12 of 3rd period - Shot by Thomas Vanek.
8:12 of 3rd period - Shot Blocked by Bryan Allen.
8:14 of 3rd period - Shot by Jarome Iginla.
8:14 of 3rd period - Stopped by Ondrej Pavelec with a rebound.
8:49 of 3rd period - Icing by Michael Ryder.
8:50 of 3rd period - Darroll Powe wins face-off versus Eric Staal in Hurricanes zone.
9:51 of 3rd period - Shot by Jarome Iginla.
9:51 of 3rd period - Shot Misses the Net.
9:53 of 3rd period - Shot by Patrik Elias.
9:53 of 3rd period - Deflect By Jarome Iginla.
9:53 of 3rd period - Shot Misses the Net.
9:55 of 3rd period - Shot by Johnny Oduya.
9:55 of 3rd period - Goal by Johnny Oduya - Kings : 2 - Hurricanes : 5.
9:55 of 3rd period - Nikolai Khabibulin enters game.
9:56 of 3rd period - Martin Hanzal wins face-off versus Michael Frolik in neutral zone.
11:03 of 3rd period - Shot by Evgeny Dadonov.
11:03 of 3rd period - Shot Misses the Net.
11:05 of 3rd period - Shot by Wojtek Wolski.
11:05 of 3rd period - Goal by Wojtek Wolski - Kings : 3 - Hurricanes : 5.
11:06 of 3rd period - Michael Frolik wins face-off versus Jarome Iginla in neutral zone.
11:36 of 3rd period - Mike Lundin is hit by Jarome Iginla and loses puck.
12:21 of 3rd period - Shot by Thomas Vanek.
12:21 of 3rd period - Shot Blocked by Matt Niskanen.
12:23 of 3rd period - Shot by Patrick Eaves.
12:23 of 3rd period - Shot Misses the Net.
12:27 of 3rd period - Shot by Thomas Vanek.
12:27 of 3rd period - Stopped by Nikolai Khabibulin without a rebound.
12:28 of 3rd period - Jason Arnott wins face-off versus Patrik Elias in Kings zone.
12:53 of 3rd period - Jarome Iginla is hit by Bryan Allen and loses puck.
14:15 of 3rd period - Icing by Johnny Oduya.
14:16 of 3rd period - Eric Staal wins face-off versus Jason Arnott in Hurricanes zone.
14:20 of 3rd period - Matt Cooke is hit by Bryan Allen and loses puck.
14:43 of 3rd period - Shot by Matt Duchene.
14:43 of 3rd period - Stopped by Brian Elliott with a rebound.
14:45 of 3rd period - Shot by Matt Duchene.
14:45 of 3rd period - Stopped by Brian Elliott with a rebound.
14:47 of 3rd period - Shot by Jason Arnott.
14:47 of 3rd period - Deflect By Sean Bergenheim.
14:47 of 3rd period - Stopped by Brian Elliott with a rebound.
14:58 of 3rd period - Icing by Mike Weber.
14:59 of 3rd period - Jason Arnott wins face-off versus Martin Hanzal in Hurricanes zone.
16:04 of 3rd period - Shot by Matt Hunwick.
16:04 of 3rd period - Shot Hit the Post.
16:06 of 3rd period - Shot by Patrik Elias.
16:06 of 3rd period - Shot Misses the Net.
16:08 of 3rd period - Shot by Jarome Iginla.
16:08 of 3rd period - Deflect By Matt Cooke.
16:08 of 3rd period - Stopped by Nikolai Khabibulin with a rebound.
16:12 of 3rd period - Shot by Jarome Iginla.
16:12 of 3rd period - Stopped by Nikolai Khabibulin without a rebound.
16:13 of 3rd period - Eric Staal wins face-off versus Matt Duchene in Kings zone.
16:37 of 3rd period - Shot by Eric Staal.
16:37 of 3rd period - Stopped by Nikolai Khabibulin without a rebound.
16:38 of 3rd period - Jason Arnott wins face-off versus Patrik Elias in Kings zone.
16:44 of 3rd period - Icing by Jason Arnott.
16:45 of 3rd period - Jason Arnott wins face-off versus Patrik Elias in Kings zone.
16:45 of 3rd period - Jason Arnott is hit by Matt Cooke.
17:04 of 3rd period - Minor Penalty to Mike Weber for Hooking.
17:05 of 3rd period - Michael Zigomanis wins face-off versus Michael Frolik in Hurricanes zone.
17:20 of 3rd period - Off-side.
17:21 of 3rd period - Martin Hanzal wins face-off versus Sean Bergenheim in neutral zone.
17:46 of 3rd period - Chris Thorburn is hit by Sean Bergenheim and loses puck.
18:18 of 3rd period - Icing by Michael Frolik.
18:19 of 3rd period - Jason Arnott wins face-off versus Michael Zigomanis in Kings zone.
18:26 of 3rd period - Ty Wishart is hit by Sergei Samsonov and loses puck.
19:03 of 3rd period - Shot by Martin Hanzal.
19:03 of 3rd period - Shot Misses the Net.
19:10 of 3rd period - Off-side.
19:11 of 3rd period - Eric Staal wins face-off versus Matt Duchene in neutral zone.
19:30 of 3rd period - Johnny Oduya is hit by Sergei Samsonov and loses puck.
19:38 of 3rd period - Icing by Mike Weber.
19:39 of 3rd period - Brian Rolston wins face-off versus Eric Staal in Hurricanes zone.


Output by the SimonT Hockey Simulator (STHS) for Stephane Roy -- Original Page W3C XHTML 1.0 Valid